 Dungeon Crawl Stone Soup version 0.24-a0-458-gfcb5e6da0e (webtiles) character file.

Game seed: 1136619116942006027

489 KristoblXynda the Slasher (level 6, 0/79 HPs)
             Began as a Draconian Gladiator on June 27, 2019.
             Slain by a centaur (4 damage)
             ... on level 4 of the Dungeon.
             The game lasted 00:05:17 (3111 turns).

KristoblXynda the Slasher (Draconian Gladiator)     Turns: 3111, Time: 00:05:18

Health: 0/79       AC: 23    Str: 16    XL:     6   Next: 90%
Magic:  6/6        EV:  2    Int: 14    God:
Gold:   96         SH:  0    Dex: 12    Spells: 5/5 levels left

rFire    . . .     SeeInvis .   a - +0 long sword
rCold    . . .     Gourm    .   (no shield)
rNeg     + + +     Faith    .   (armour unavailable)
rPois    +         Spirit   .   (helmet currently unavailable)
rElec    .         Reflect  .   (cloak currently unavailable)
rCorr    .         Harm     .   (gloves currently unavailable)
MR       .....     NoTele   +   (boots currently unavailable)
Stlth    +.........             n - amulet of magic regeneration
HPRegen  0.23/turn              m - +3 ring of intelligence
MPRegen  0.35/turn              (no ring)

@: tree-form
A: unfitting armour, AC +6
a: no special abilities


You were on level 4 of the Dungeon.
You were hungry.
You were a tree.
You visited 1 branch of the dungeon, and saw 4 of its levels.

You collected 96 gold pieces.

Inventory:

Hand Weapons
 a - a +0 long sword (weapon)
 i - a +0 great sword
Missiles
 c - 3 throwing nets (quivered)
Armour
 b - a +1 hat (melded)
 f - a scarf of repulsion (melded)
Jewellery
 m - a +3 ring of intelligence (left branch)
 n - an amulet of magic regeneration (around neck)
 u - an uncursed ring of resist corrosion
 x - an uncursed ring of positive energy {unknown}
Wands
 g - a wand of iceblast (11)
Scrolls
 e - a scroll of enchant armour
 h - 2 scrolls of enchant weapon {unknown}
 j - 2 scrolls of immolation {unknown}
 l - a scroll of random uselessness {unknown}
 p - 3 scrolls of remove curse {unknown}
 q - a scroll of noise {unknown}
 r - a scroll of fog {unknown}
Potions
 o - a potion of berserk rage {unknown}
 s - a potion of flight {unknown}
 t - a potion of lignification
 v - a potion of cancellation {unknown}
Comestibles
 d - 7 rations


   Skills:
 + Level 4.4 Fighting
 * Level 5.7 Long Blades
 - Level 2.0 Throwing
 + Level 4.2 Dodging
 + Level 0.9 Evocations


You had 5 spell levels left.
You didn't know any spells.
Your spell library was empty.

Dungeon Overview and Level Annotations

Branches:
Dungeon (4/15)
 Temple: D:4-7

Altars:
Nemelex Xobeh


Innate Abilities, Weirdness & Mutations

((Your plain brown scales are hard. (AC +6)))
You cannot fit into any form of body armour.
((You are cold-blooded and may be slowed by cold attacks.))


Message History

You slash the centaur!
The centaur is moderately wounded.
The centaur hits you but does no damage.
The centaur completely misses you.
You hit the centaur but do no damage.
The centaur is moderately wounded.
The centaur barely misses you.
You hit the centaur.
The centaur is moderately wounded.
The centaur hits you but does no damage.
The centaur hits you.
* * * LOW HITPOINT WARNING * * *
You barely miss the centaur.
The centaur is moderately wounded.
The centaur completely misses you. The centaur hits you.
* * * LOW HITPOINT WARNING * * *
You slash the centaur!
The centaur is severely wounded.
The centaur hits you.
You die...

.. .### .. ..(#
####.## [..
....... ..#
...c... #.#
....... #.#
....... #.#
..P....##♣# .
≈≈≈P.....c###....
≈≈.≈♣..#.<....?..
. ♣..##.###....
≈≈.. ...# ..
≈≈..###....
≈≈≈P≈. #.###(
≈≈≈≈.. #.# ..
≈≈≈♣≈♣ #.# #


You could see a centaur.

Vanquished Creatures
  An ogre (D:4)
  2 big kobolds (D:3)
  Ijyb (D:3)
  An orc wizard (D:3)
  A worker ant (D:4)
  Robin (D:3)
  A gnoll (D:1)
  6 adders
  2 oozes
  4 dart slugs
  2 leopard geckos
  12 orcs (D:3)
  7 bats
  2 giant cockroaches
  9 goblins
  13 hobgoblins
  2 quokkas
  4 ball pythons (D:1)
  A frilled lizard (D:2)
  14 kobolds
  6 rats
92 creatures vanquished.

Notes
Turn   | Place    | Note
-------+----------+-------------------------------------------
     0 | D:1      | KristoblXynda the Draconian Gladiator began the quest for
                  | the Orb.
     0 | D:1      | Reached XP level 1. HP: 17/17 MP: 1/1
    69 | D:1      | Reached XP level 2. HP: 20/25 MP: 2/2
   339 | D:1      | Reached XP level 3. HP: 28/30 MP: 3/3
  1091 | D:2      | Reached XP level 4. HP: 34/38 MP: 4/4
  1187 | D:2      | Found a sparkling altar of Nemelex Xobeh.
  1271 | D:3      | Reached skill level 4 in Long Blades
  1611 | D:3      | Noticed a big kobold
  1647 | D:3      | Killed a big kobold
  1647 | D:3      | Reached XP level 5. HP: 13/45 MP: 5/5
  1745 | D:3      | Reached skill level 5 in Long Blades
  2001 | D:3      | Noticed Ijyb
  2030 | D:3      | Reached XP level 6. HP: 20/52 MP: 6/6
  2033 | D:3      | Killed Ijyb
  2354 | D:3      | Noticed Robin
  2394 | D:3      | Killed Robin
  3103 | D:4      | HP: 1/53 [centaur/arrow (3)]
  3111 | D:4      | Slain by a centaur

Levels and vault maps discovered:
D:1:      saegor_arrival_simple_b, layout_basic
D:2:      layout_rooms, nemelex_altar_shiori
D:3:      cheibrodos_thug_alley, layout_basic, first_ration, uniq_ijyb,
          uniq_robin
D:4:      layout_rooms, old_standard_altar, tso_metal_star, serial_bayou,
          serial_bayou_pond_c, serial_bayou_pond_b, serial_bayou_lagoon_a,
          serial_bayou_pond_b, serial_shops, shop, nicolae_shop_behind_doors,
          shop, shop, nicolae_shop_behind_doors

Skill      XL: |  1  2  3  4  5  6 |
---------------+-------------------+-----
Throwing       | 2 |  2.0
Dodging        | 3 4 |  4.2
Fighting       | 3 4 |  4.4
Long Blades    | 4 5 |  5.7
Evocations     | |  0.9

Action                   |  1- 3 |  4- 6 || total
-------------------------+-------+-------++-------
Melee: Long sword        |    81 |   112 ||   193
       Tailslap          |     7 |    27 ||    34
       Great sword       |       |    74 ||    74
  Use: Potion            |       |     4 ||     4
       Scroll            |       |     4 ||     4
 Stab: Sleeping          |       |     1 ||     1
  Eat: Chunk             |       |     7 ||     7
Armor: Skin              |    17 |    78 ||    95
Dodge: Dodged            |    58 |   140 ||   198
       Deflected         |       |     4 ||     4
       Rpst.: Long sword |    13 |    23 ||    36
       Great sword       |       |    15 ||    15

Table legend:
 A = Non-vault XP
 B = Vault XP
 C = Vault XP percentage of total XP
 D = Non-vault monster count
 E = Vault monster count
 F = Vault count percentage of total count
                 A         B        C        D         E       F
            +---------+---------+-------+---------+---------+-------
      Total |     387 |     312 |  44.6 |      68 |      24 |  26.1
            +---------+---------+-------+---------+---------+-------
        D:1 |      52 |       0 |   0.0 |      20 |       0 |   0.0
        D:2 |      48 |       0 |   0.0 |      12 |       0 |   0.0
        D:3 |     166 |     276 |  62.4 |      35 |      23 |  39.7
        D:4 |     121 |      36 |  22.9 |       1 |       1 |  50.0
            +---------+---------+-------+---------+---------+-------
